Map: Jagannatha LE

Players

Neeb - Winner!

  • Race: Protoss Protoss

TriGGeR

  • Race: Protoss Protoss

Event: DreamHack SC2 Masters 2021 Winter

VOD

Have the link to the VOD?

Description

Time

  • Played on: Oct. 14, 2021, 4:25 p.m.
  • Length: 7:53

All games in this series

Show
View Real Time Build Order
Export as new Build Order

Neeb Protoss - Winner!

Build Orders: Phoenix Opening, Blink Stalkers 

Get SALT Encoding   

  12  0:00  Probe  
  13  0:12  Probe  
  14  0:17  Pylon  
  14  0:24  Probe (Chrono Boost)  
  15  0:36  Probe (Chrono Boost)  
  15  0:38  Gateway  
  16  0:44  Probe (Chrono Boost)  
  16  0:46  Assimilator  
  17  0:51  Probe  
  18  0:57  Assimilator  
  18  1:03  Probe (Chrono Boost)  
  19  1:11  Gateway  
  19  1:15  Probe (Chrono Boost)  
  20  1:20  Probe (Chrono Boost)  
  21  1:27  Cybernetics Core  
  21  1:32  Probe  
  22  1:40  Pylon  
  22  1:44  Probe  
  23  1:58  Probe  
  23  2:00  Pylon  
  24  2:03  Warp Gate (Chrono Boost)  
  24  2:04  Stalker  
  26  2:15  Stalker  
  28  2:19  Pylon  
  28  2:23  Pylon  
  28  2:27  Probe  
  29  2:39  Sentry  
  29  2:41  Probe  
  32  2:45  Sentry  
  33  2:53  Probe  
  34  3:00  Nexus  
  34  3:05  Probe  
  35  3:12  Phoenix  
  35  3:13  Twilight Council  
  35  3:17  Probe  
  36  3:21  Pylon  
  36  3:29  Probe  
  37  3:41  Probe  
  37  3:42  Blink (Chrono Boost)  
  37  3:44  Stalker x2  
  42  3:53  Probe  
  43  4:05  Robotics Facility  
  43  4:06  Probe  
  44  4:12  Probe  
  45  4:18  Probe  
  45  4:21  Stalker  
  48  4:25  Stalker, Probe  
  48  4:30  Probe  
  52  4:35  Forge  
  52  4:37  Probe  
  53  4:42  Probe  
  53  4:45  Pylon  
  54  4:47  Stalker  
  54  4:50  Probe  
  57  4:53  Stalker  
  57  4:54  Observer  
  57  4:55  Probe  
  61  5:02  Probe  
  61  5:04  Protoss Ground Weapons Level 1 (Chrono Boost)  
  61  5:06  Gateway, Assimilator  
  62  5:12  Gateway  
  62  5:16  Probe  
  63  5:24  Immortal  
  67  5:37  Phoenix  
  67  5:39  Stalker  
  67  5:40  Nexus  
  67  5:43  Pylon  
  67  5:47  Pylon  
  67  5:54  Probe x2  
  69  6:01  Pylon  
  69  6:03  Warp Prism (Chrono Boost)  
  71  6:07  Probe x2  
  73  6:13  Stalker x2  
  77  6:19  Probe  
  77  6:22  Stalker x2  
  77  6:23  Probe  
  83  6:31  Probe  
  84  6:35  Probe  
  84  6:36  Stalker x2  
  89  6:40  Pylon  
  89  6:44  Probe  
  90  6:48  Probe  
  91  6:54  Pylon  
  91  6:57  Probe  
  92  7:02  Stalker x4  
  92  7:03  Probe  
  92  7:05  Probe  
  102  7:20  Probe  
  102  7:21  Probe  
  102  7:22  Probe  
  105  7:24  Assimilator x2  
  105  7:26  Stalker x4  
  113  7:30  Photon Cannon  
  113  7:33  Probe x2  
  113  7:34  Photon Cannon  
  112  7:49  Photon Cannon  
Show
View Real Time Build Order
Export as new Build Order

TriGGeR Protoss 

Build Orders: Oracle Opening, Blink Stalkers 

Get SALT Encoding   

  12  0:00  Probe  
  13  0:12  Probe  
  14  0:20  Pylon  
  14  0:24  Probe  
  15  0:38  Probe (Chrono Boost)  
  15  0:39  Gateway  
  16  0:47  Probe (Chrono Boost)  
  16  0:48  Assimilator  
  17  0:52  Probe  
  18  1:05  Probe (Chrono Boost)  
  18  1:06  Assimilator  
  19  1:13  Pylon  
  19  1:17  Probe (Chrono Boost)  
  20  1:22  Probe (Chrono Boost)  
  21  1:31  Zealot, Probe  
  21  1:32  Cybernetics Core  
  24  1:43  Probe  
  25  1:55  Probe  
  26  2:06  Stalker (Chrono Boost)  
  26  2:07  Probe  
  29  2:09  Warp Gate  
  29  2:20  Stargate  
  29  2:33  Nexus  
  29  2:39  Stalker  
  31  2:47  Pylon  
  31  2:53  Shield Battery  
  31  3:05  Oracle  
  31  3:08  Probe (Chrono Boost)  
  35  3:20  Twilight Council, Probe (Chrono Boost)  
  35  3:25  Probe (Chrono Boost)  
  36  3:34  Probe  
  36  3:35  Gateway  
  37  3:43  Pylon  
  37  3:45  Probe  
  37  3:46  Probe  
  39  3:48  Blink (Chrono Boost)  
  39  3:57  Probe  
  39  4:00  Probe  
  41  4:09  Probe  
  42  4:12  Stalker, Probe  
  45  4:21  Probe, Forge  
  46  4:24  Probe  
  47  4:32  Stalker  
  47  4:33  Probe  
  47  4:35  Stalker  
  47  4:37  Probe  
  53  4:45  Robotics Facility, Probe  
  51  4:46  Assimilator  
  51  4:49  Probe  
  52  4:53  Protoss Ground Weapons Level 1  
  52  4:57  Probe  
  53  5:01  Probe, Pylon  
  53  5:03  Stalker  
  56  5:08  Stalker  
  56  5:09  Probe  
  59  5:24  Nexus  
  59  5:25  Pylon  
  57  5:33  Probe x2 (Chrono Boost)  
  53  5:45  Probe (Chrono Boost)  
  53  5:47  Immortal  
  58  5:55  Probe x2 (Chrono Boost)  
  58  5:58  Shield Battery  
  58  6:03  Probe (Chrono Boost)  
  60  6:06  Sentry  
  60  6:07  Probe (Chrono Boost)  
  60  6:10  Probe (Chrono Boost)  
  63  6:13  Probe (Chrono Boost)  
  63  6:16  Gateway  
  63  6:17  Gateway, Probe  
  66  6:27  Probe (Chrono Boost)  
  66  6:31  Gateway  
  66  6:33  Gateway, Probe (Chrono Boost)  
  70  6:40  Observer, Probe (Chrono Boost)  
  70  6:43  Probe x2 (Chrono Boost)  
  72  6:47  Probe (Chrono Boost)  
  72  6:49  Probe (Chrono Boost)  
  72  6:51  Probe (Chrono Boost)  
  74  6:54  Probe  
  74  6:55  Gateway  
  74  6:57  Gateway  
  74  6:59  Probe  
  76  7:02  Probe  
  76  7:05  Stalker  
  76  7:07  Probe  
  80  7:10  Zealot x2  
  80  7:15  Stalker  
  75  7:17  Shield Battery  
  58  7:28  Zealot x3  
  66  7:31  Zealot  
  66  7:42  Stalker x2  

Tags
 
Add a new tag
Caveats
  • Supply blocks, unpowered buildings, or Contaminate may cause inaccurate times.
  • Supply counts are checked every 10 seconds.